 Dungeon Crawl Stone Soup version 0.30.0-10-gfe55d96785 (webtiles) character file.

Game seed: 4601188142625250121

24 qw the Chopper (level 3, -2/23 HPs)
             Began as a Gargoyle Cinder Acolyte on May 17, 2023.
             Was a High Priest of Ignis.
             Killed from afar by Sigmund (5 damage)
             ... with a magic dart
             ... on level 2 of the Dungeon.
             The game lasted 00:00:39 (1307 turns).

qw the Chopper (Gargoyle Cinder Acolyte)            Turns: 1307, Time: 00:00:39

Health: -2/23      AC:  9    Str: 19    XL:     3   Next: 2%
Magic:  4/4        EV:  9    Int: 14    God:    Ignis [*****.]
Gold:   80         SH:  0    Dex:  5    Spells: 4/4 levels left

rFire   + . .        Y - +0 war axe
rCold   . . .        (no shield)
rNeg    + . .        h - +0 scale mail
rPois   inf          (no helmet)
rElec   +            (no cloak)
rCorr   .            (no gloves)
SInv    .            (no boots)
Will    .....        (no amulet) Stlth
                     (no ring)
HPRegen 0.23/turn    (no ring)
MPRegen 0.09/turn

%: no passive effects
@: no status effects
A: sickness immunity, AC +3, negative energy resistance 1, electricity
resistance, torment resistance 1, petrification resistance
a: Renounce Religion, Fiery Armour, Foxfire Swarm, Rising Flame


You were on level 2 of the Dungeon.
You worshipped Ignis.
Ignis was extremely pleased with you.
You visited 1 branch of the dungeon, and saw 2 of its levels.

You collected 80 gold pieces.


Innate Abilities, Weirdness & Mutations

You are immune to sickness and miasma.
Your stone body is resilient. (AC +3)
You are immune to poison.
You resist negative energy. (rN+)
You are resistant to electric shocks. (rElec)
You are resistant to unholy torment.
You are immune to petrification.


   Skills:
 - Level 3.2 Fighting
 - Level 3.7 Axes
 + Level 0.0 Armour
 - Level 1.0 Spellcasting
 - Level 3.0 Fire Magic


You had 4 spell levels left.
You didn't know any spells.
Your spell library contained the following spells:

 Spells                   Type           Power      Damage    Failure   Level
 Scorch                   Fire           18%        2d6       36%         2

Inventory:

Hand Weapons
 a - a -1 hand axe of flaming
 Y - a +0 war axe (weapon)
Armour
 h - a +0 scale mail (worn)
Jewellery
 f - a ring of fire
Potions
 c - a potion of invisibility {unknown}
 g - a potion of heal wounds {unknown}
 j - a potion of cancellation {unknown}
 k - a potion of flight {unknown}

Dungeon Overview and Level Annotations

Branches:
Dungeon (2/15)

Altars:

Annotations:
D:2 Sigmund


Message History

Sigmund is lightly wounded.
Sigmund hits you with a +0 scythe of protection.
You hit Sigmund but do no damage.
Sigmund is lightly wounded.
Sigmund gestures at you while chanting.
You are confused.
Sigmund closely misses you.
Sigmund hits you with a +0 scythe of protection!
Sigmund casts a spell at you.
You are more confused.
Sigmund closely misses you. Sigmund casts a spell at you.
The puff of flame hits you. You resist. Sigmund barely misses you.
Sigmund hits you but does no damage. Sigmund gestures at you while chanting.
You are more confused.
Sigmund points at you and mumbles some strange words.
The puff of flame hits you. You resist.
Sigmund hits you with a +0 scythe of protection.
Sigmund points at you and mumbles some strange words.
You are more confused.
Sigmund hits you but does no damage.
Sigmund hits you with a +0 scythe of protection.
Sigmund closely misses you. Sigmund closely misses you.
Sigmund gestures wildly while chanting.
Sigmund flickers and vanishes!
Deactivating autopickup; reactivate with Ctrl-A.
You feel less confused.
You hear some strange, mumbled words.
A magic dart appears from out of thin air!
The magic dart hits you!
You hit something but do no damage. Something hits you but does no damage.
You barely miss something.
You hear some strange, mumbled words.
A magic dart appears from out of thin air!
The magic dart hits you.
You die...

#######
#.....#
#.....#
#.....#
##.....#
#.<....#
#...@..#
#...{..#
#.###...#
....
......
##.##
##..## ..
#.# .##
.# #. .


There were no monsters in sight!

Vanquished Creatures
  2 dart slugs (D:1)
  3 bats (D:1)
  4 endoplasms (D:1)
  3 goblins (D:1)
  A hobgoblin (D:1)
  3 kobolds (D:1)
  A rat (D:1)
17 creatures vanquished.

Notes
Turn   | Place    | Note
-------+----------+-------------------------------------------
     0 | D:1      | qw the Gargoyle Cinder Acolyte began the quest for the Orb.
     0 | D:1      | Reached XP level 1. HP: 14/14 MP: 2/2
     0 | D:1      | 0 ||| qw: Version: 0.2-a-95-g4c1bab1
     0 | D:1      | 0 ||| qw: Game counter: 99
     0 | D:1      | 0 ||| qw: Always use a shield: true
     0 | D:1      | 0 ||| qw: God list: Okawaru
     0 | D:1      | 0 ||| qw: Allow faded altars: false
     0 | D:1      | 0 ||| qw: Do Orc after D:15 true
     0 | D:1      | 0 ||| qw: Do second Lair branch before Depths: true
     0 | D:1      | 0 ||| qw: Lair rune preference: random
     0 | D:1      | 0 ||| qw: Plans: Normal
     0 | D:1      | 0 ||| PLANNING D:1-11
    94 | D:1      | 94 ||| SWAPPING to +0 war axe.
   102 | D:1      | Reached skill level 3 in Axes
   250 | D:1      | Reached XP level 2. HP: 19/19 MP: 3/3
   321 | D:1      | 321 ||| Stepping ~*~*~tactically~*~*~ (hiding).
   779 | D:1      | 779 ||| Stepping ~*~*~tactically~*~*~ (stealth).
   780 | D:1      | 780 ||| Stepping ~*~*~tactically~*~*~ (stealth).
   793 | D:1      | 793 ||| Stepping ~*~*~tactically~*~*~ (stealth).
   795 | D:1      | 795 ||| Stepping ~*~*~tactically~*~*~ (stealth).
   796 | D:1      | 796 ||| Stepping ~*~*~tactically~*~*~ (stealth).
   867 | D:1      | 867 ||| Stepping ~*~*~tactically~*~*~ (hiding).
   974 | D:1      | Reached XP level 3. HP: 23/23 MP: 4/4
  1169 | D:1      | 1169 ||| UPGRADING to +0 scale mail.
  1179 | D:1      | 1179 ||| DROPPING +0 robe.
  1180 | D:1      | 1180 ||| READING scroll labelled MAKLUU AVINUNT.
  1181 | D:1      | 1181 ||| READING scroll labelled VYCZIONGYA.
  1276 | D:2      | Noticed Sigmund
  1277 | D:2      | 1277 ||| Stepping ~*~*~tactically~*~*~ (hiding).
  1305 | D:2      | HP: 3/23 [something/magic dart (7)]
  1307 | D:2      | Killed from afar by Sigmund

Levels and vault maps discovered:
D:1:      dpeg_arrival_leaves_temple_mockup, layout_loops_corners,
          shapermc_ecumenical_altar_notcrosses
D:2:      layout_rooms, uniq_sigmund

Skill      XL: |  1 |
---------------+----+-----
Axes           | 3 |  3.7
Fighting       | |  3.2
Spellcasting   | |  1.0
Fire Magic     | |  3.0

Action                     || total
---------------------------++-------
  Melee: War axe           ||    57
         Hand axe          ||     5
    Use: Scroll            ||     2
 Armour: Robe              ||    23
         Scale mail        ||     4
  Dodge: Dodged            ||    47

Table legend:
 A = Non-vault XP
 B = Vault XP
 C = Vault XP percentage of total XP
 D = Non-vault monster count
 E = Vault monster count
 F = Vault count percentage of total count
                 A         B        C        D         E       F
            +---------+---------+-------+---------+---------+-------
      Total |      35 |       0 |   0.0 |      17 |       0 |   0.0
            +---------+---------+-------+---------+---------+-------
        D:1 |      35 |       0 |   0.0 |      17 |       0 |   0.0
            +---------+---------+-------+---------+---------+-------
